 Dungeon Crawl Stone Soup version 0.27-a0-1359-ga2a4dfd6fd (webtiles) character file.

Game seed: 3312783726914987272

819 ziltoidlt the Unbeliever (level 8, 0/56 HPs)
             Began as a Djinni Conjurer on June 28, 2021.
             Slain by a centaur (4 damage)
             ... on level 5 of the Dungeon.
             The game lasted 00:24:30 (5976 turns).

ziltoidlt the Unbeliever (Djinni Conjurer)          Turns: 5976, Time: 00:24:30

Health: 0/56       AC:  5    Str:  6    XL:     8   Next: 16%
Gold:   174        EV: 13    Int: 22    God:
                   SH:  0    Dex: 18

rFire    + + +     SeeInvis .   h - +3 short sword (venom)
rCold    . . .     Faith    .   (no shield)
rNeg     . . .     Spirit   .   d - +1 leather armour
rPois    ∞         Reflect  .   c - +0 helmet
rElec    .         Harm     .   n - scarf {rC+ rF+}
rCorr    .         Rampage  .   (no gloves)
Will     .....                  (boots unavailable)
Stlth    ++........             (no amulet)
HPRegen  0.18/turn              g - +6 ring of dexterity
MPRegen  0.00/turn              m - +4 ring of slaying

@: flying
A: sickness immunity, fire resistance 2, cold vulnerability 1, float, innate
caster, hp casting, extra vitality 1
a: no special abilities


You were on level 5 of the Dungeon.
You visited 1 branch of the dungeon, and saw 5 of its levels.

You collected 174 gold pieces.

Inventory:

Hand Weapons
 h - a +3 short sword of venom (weapon)
Missiles
 j - 47 stones
 o - 21 poisoned darts
Armour
 c - a +0 helmet (worn)
 d - a +1 leather armour (worn)
 n - a scarf of resistance (worn)
Jewellery
 a - a ring of ice
 g - a +6 ring of dexterity (left hand)
 m - a +4 ring of slaying (right hand)
Wands
 i - a wand of acid (10)
Scrolls
 e - a scroll of teleportation {unknown}
 l - a scroll of magic mapping
 r - a scroll of enchant weapon
Potions
 b - a potion of curing
 f - a potion of heal wounds {unknown}
 k - a potion of might {unknown}
 p - a potion of mutation {unknown}
 q - a potion of cancellation {unknown}


   Skills:
 + Level 3.1 Fighting
 + Level 3.2 Armour
 + Level 4.3 Dodging
 - Level 1.5 Stealth
 + Level 4.2 Spellcasting
 * Level 4.7 Invocations


You couldn't memorise any spells.
You knew the following spells:

 Your Spells              Type           Power      Damage    Failure   Level
a - Magic Dart            Conj           92%        1d7       3%          1
b - Searing Ray           Conj           46%        3d4       4%          2
c - Dazzling Flash        Conj/Hex       46%        N/A       9%          3
d - Fulminant Prism       Conj/Hex       11%        3d9       28%         4
e - Iskenderun's Mystic   Conj/Tloc      23%        2d6       28%         4
f - Sandblast             Erth           46%        2d11      3%          1
g - Passwall              Tmut/Erth      19%        N/A       4%          2
h - Inner Flame           Hex/Fire       23%        N/A       9%          3
Your spell library was empty.

Dungeon Overview and Level Annotations

Branches:
Dungeon (5/15)
 Temple: D:4-7

Altars:
Gozag
Makhleb
Uskayaw
Vehumet

Annotations:
D:3 3 runed translucent doors, dankmaymays's ghost, weakling SpGl
D:4 exclusion: 2 downstairs
D:5 exclusions: troll and 2 upstairs


Innate Abilities, Weirdness & Mutations

You are immune to sickness and miasma.
You are immune to poison.
Your flesh is very heat resistant. (rF++)
You are vulnerable to cold. (rC-)
You float through the air rather than walking.
You learn spells naturally, not from books.
Your magical power is your life essence.
You have superior vitality. (+4 HP)


Message History

The bullfrog is heavily wounded.
The bullfrog barely misses you. The bullfrog closely misses you.
The centaur shoots an arrow.
The arrow hits the bullfrog!
The bullfrog dies!
The centaur shoots an arrow.
The arrow closely misses you.
The centaur shoots an arrow.
The arrow barely misses you.
The centaur is no longer blind.
The centaur shoots an arrow.
The arrow hits you.
* * * LOW HITPOINT WARNING * * *
The centaur shoots an arrow.
The arrow hits you.
* * * LOW HITPOINT WARNING * * *
Your magical contamination has completely faded away.
The centaur unwields a +0 shortbow.
The centaur hits you but does no damage.
The centaur kicks you but does no damage.
You see here a bullfrog corpse.
You hit the centaur.
The centaur is poisoned.
The centaur is lightly wounded.
The centaur hits you.
* * * LOW HITPOINT WARNING * * *
The centaur barely misses you. The centaur closely misses you.
The centaur kicks you but does no damage.
You barely miss the centaur.
The centaur is moderately wounded.
The centaur barely misses you. The centaur kicks you.
* * * LOW HITPOINT WARNING * * *
You closely miss the centaur.
The centaur is moderately wounded.
The centaur hits you.
* * * LOW HITPOINT WARNING * * *
The centaur misses you. The centaur closely misses you. The centaur misses you.
You hit the centaur.
The centaur looks even sicker.
The centaur is heavily wounded.
The centaur hits you but does no damage.
The centaur closely misses you. The centaur misses you.
The centaur kicks you but does no damage.
You completely miss the centaur.
The centaur is heavily wounded.
The centaur closely misses you. x2; The centaur hits you.
You die...

#.# # #.# .#
#####.#####.#
#........>..####.
#.######.........
#.######## #.#
#c# #@# #.#
#.########
#........(
.######.########
...........#
#######.##.#
#.##.########
#.##.........


You could see a centaur (very poisoned).

Vanquished Creatures
  Edmund (D:4)
  A necrophage (D:5)
  A scorpion (D:4)
  5 killer bees (D:5)
  A gnoll shaman (D:4)
  A hound (D:4)
  A bullfrog skeleton (D:5)
  7 gnolls
  5 adders
  2 adder skeletons (D:4)
  A worm (D:3)
  A dart slug (D:4)
  3 orcs (D:3)
  3 ball pythons
  6 endoplasms
  7 goblins
  7 hobgoblins
  3 jackals (D:2)
  2 quokkas
  10 bats
  12 frilled lizards
  14 kobolds
  3 rats
97 creatures vanquished.

Vanquished Creatures (others)
  A bullfrog (D:5)
1 creature vanquished.

Grand Total: 98 creatures vanquished

Notes
Turn   | Place    | Note
-------+----------+-------------------------------------------
     0 | D:1      | ziltoidlt the Djinni Conjurer began the quest for the Orb.
     0 | D:1      | Reached XP level 1. HP: 15/15 MP: 0/0
    42 | D:1      | Reached XP level 2. HP: 8/22 MP: 0/0
   415 | D:1      | Reached skill level 1 in Invocations
   471 | D:1      | Reached XP level 3. HP: 17/26 MP: 0/0
   471 | D:1      | Learned a level 1 spell: Sandblast
   956 | D:1      | Reached skill level 1 in Armour
  1201 | D:1      | Reached skill level 1 in Fighting
  1805 | D:2      | Reached XP level 4. HP: 31/32 MP: 0/0
  2880 | D:3      | Found a runed translucent gate.
  2881 | D:3      | Found a runed translucent gate.
  2882 | D:3      | Found an opulent altar of Gozag.
  2884 | D:3      | Found a runed translucent gate.
  2885 | D:3      | Noticed dankmaymays's ghost (weakling SpGl)
  2911 | D:3      | Reached XP level 5. HP: 33/37 MP: 0/0
  2911 | D:3      | Learned a level 2 spell: Passwall
  3485 | D:4      | Noticed Edmund
  3638 | D:4      | Reached XP level 6. HP: 21/43 MP: 0/0
  4724 | D:4      | Killed Edmund
  4725 | D:4      | Reached XP level 7. HP: 8/49 MP: 0/0
  4725 | D:4      | Learned a level 3 spell: Inner Flame
  5339 | D:5      | Entered Level 5 of the Dungeon
  5339 | D:5      | Noticed a troll
  5535 | D:5      | Found a hide-covered altar of Uskayaw.
  5672 | D:5      | Reached XP level 8. HP: 21/56 MP: 0/0
  5951 | D:5      | Found a burning altar of Makhleb.
  5976 | D:5      | Slain by a centaur

Illustrated notes

Levels and vault maps discovered:
D:1:      kennysheep_arrival_forest, layout_basic, minmay_lizard_pond
D:2:      layout_rooms
D:3:      layout_rooms, ebering_ghost_gozag, grunt_decor_one_mirror,
          amethyst_killhole
D:4:      layout_basic, uniq_edmund
D:5:      layout_loops_ring, nicolae_vehumet_altar_sigil,
          nicolae_uskayaw_murder_on_the_dancefloor,
          nicolae_sif_muna_little_library, bloody_makhleb

Skill      XL: |  1  2  3  4  5  6  7 |
---------------+----------------------+-----
Invocations    | 1 2 3 4 |  4.7
Armour         | 1 2 3 |  3.2
Fighting       | 1 2 3 |  3.1
Dodging        | 3 4 |  4.3
Spellcasting   | 4 |  4.2
Stealth        | |  1.5

Action                   |  1- 3 |  4- 6 |  7- 9 || total
-------------------------+-------+-------+-------++-------
Melee: Dagger            |     1 |       |       ||     1
       Short sword       |       |     6 |     7 ||    13
Throw: Dart              |       |    10 |       ||    10
 Cast: Magic Dart        |    56 |    98 |    22 ||   176
       Searing Ray       |     3 |     9 |     4 ||    16
       Sandblast         |       |     8 |     1 ||     9
       Dazzling Flash    |       |     1 |     1 ||     2
       Inner Flame       |       |       |     2 ||     2
  Use: Scroll            |       |     8 |     1 ||     9
 Stab: Sleeping          |     1 |     1 |       ||     2
       Invisible         |       |     1 |       ||     1
Armor: Leather armour    |     2 |     3 |     7 ||    12
Dodge: Dodged            |     3 |    17 |    18 ||    38

Table legend: (Time is in decaauts)
 A = Elapsed time spent in this place.
 B = Non-inter-level travel time spent in this place.
 C = Inter-level travel time spent in this place.
 D = Time resting spent in this place.
 E = Time spent auto-exploring this place.
 F = Levels seen in this place.
 G = Mean time per level.
                   A        B        C        D        E       F      G
               +--------+--------+--------+--------+--------+-----+--------+
         Total |   5976 |   5831 |    145 |   1839 |   3233 |   5 | 1195.2 |
       Dungeon |   5976 |   5831 |    145 |   1839 |   3233 |   5 | 1195.2 |
               +--------+--------+--------+--------+--------+-----+--------+

Top non-repeatable levels by time:
     D:4: 2044 daAuts
     D:1: 1762 daAuts
     D:3: 894 daAuts
     D:2: 681 daAuts
     D:5: 593 daAuts
